 Dungeon Crawl Stone Soup version 0.30-a0-1160-g6e42c06551 (webtiles) character file.

Game seed: 10137266023424394809

102 kae the Sneak (level 4, -4/21 HPs)
             Began as a Spriggan Enchanter on Apr 25, 2023.
             Slain by Ijyb
             ... wielding a +0 dagger of flaming
              (6 damage)
             ... on level 3 of the Dungeon.
             The game lasted 00:02:04 (2204 turns).

kae the Sneak (Spriggan Enchanter)                  Turns: 2204, Time: 00:02:05

Health: -4/21      AC:  2    Str:  8 (10) XL:     4   Next: 50%
Magic:  5/9        EV: 17    Int: 16 (18) God:
Gold:   121        SH:  0    Dex: 12 (15) Spells: 4/9 levels left

rFire   . . .        d - +4 short sword
rCold   . . .        (no shield)
rNeg    . . .        b - +0 robe
rPois   .            (helmet restricted)
rElec   .            (no cloak)
rCorr   .            (gloves unavailable)
SInv    +            (boots unavailable)
Will    .....        (no amulet)
Stlth   +++          S - +6 ring of strength
HPRegen 0.23/turn    (no ring)
MPRegen 0.11/turn

%: no passive effects
@: very quick
A: very small, no large weapons, unfitting armour, see invisible, speed 3
a: no special abilities


You were on level 3 of the Dungeon.
You visited 1 branch of the dungeon, and saw 3 of its levels.

You collected 121 gold pieces.


Innate Abilities, Weirdness & Mutations

You are very small and have problems with some larger weapons.
You are too small for most types of armour.
You have supernaturally acute eyesight. (SInv)
You cover ground extremely quickly. (Speed+++)


   Skills:
 * Level 2.6 Short Blades
 + Level 3.3 Dodging
 + Level 5.0 Stealth
 + Level 3.2 Spellcasting
 * Level 4.6 Hexes
 + Level 0.4 Ice Magic


You had 4 spell levels left.
You knew the following spells:

 Your Spells              Type           Power      Damage    Failure   Level
a - Ensorcelled Hibernat  Hex/Ice        20%        N/A       10%         2
b - Confusing Touch       Hex            17%        N/A       9%          3

Your spell library contained the following spells:

 Spells                   Type           Power      Damage    Failure   Level
 Tukima's Dance           Hex            17%        N/A       9%          3
 Magic Dart               Conj           8%         1d3       19%         1
 Dazzling Flash           Conj/Hex       20%        N/A       22%         3
 Call Imp                 Summ           4%         N/A       28%         2
 Lesser Beckoning         Tloc           4%         N/A       28%         2
 Gell's Gravitas          Tloc           2%         N/A       50%         3
 Mephitic Cloud           Conj/Pois/Air  2%         N/A       50%         3
 Teleport Other           Tloc           2%         N/A       50%         3

Inventory:

Hand Weapons
 a - a +2 dagger
 d - a +4 short sword (weapon)
   (You took it off an orc on level 3 of the Dungeon)
Missiles
 e - 37 stones (quivered)
Armour
 b - a +0 robe (worn)
Magical Staves
 k - a staff of death {!a}
   (You found it on level 3 of the Dungeon)
Jewellery
 S - a +6 ring of strength (left hand)
   (You found it on level 1 of the Dungeon)
Scrolls
 f - a scroll of noise {unknown}
 h - 2 scrolls of blinking {unknown}
 j - a scroll of enchant armour {unknown}
Potions
 c - 3 potions of invisibility
 g - a potion of berserk rage {!q}
 i - a potion of lignification {unknown}
 l - a potion of flight {unknown}

Dungeon Overview and Level Annotations

Branches:
Dungeon (3/15) Zot: 16438

Altars:

Annotations:
D:3 Ijyb

######## #......# #......#
#......# #......# #....g.#
#.....@# # ##......# # ##.......#
#
#########........################
........†........................
.............###..###########....
##..#####....# ##.#....# ###.###
#..### #....####......# #...# #
##....# #.........>....# #.#####


You could see Ijyb (confused).


Message History

a +0 leather armour; a +0 hand axe
Things that are here:
a +0 leather armour; a +4 short sword; an orc corpse
d - a +4 short sword You now have 121 gold pieces (gained 13).
An orc is nearby!
Unknown command.
An orc is nearby!
An orc is nearby!
d - a +4 short sword (weapon)
An orc is nearby!
An orc is nearby!
An orc is nearby!
Casting: Ensorcelled Hibernation (safe; 10% risk of failure)
Confirm with . or Enter, or press ? or * to list all spells.
Aiming: Ensorcelled Hibernation (safe; 10% risk of failure)
Press: ? - help, Shift-Dir - straight line, f - orc
Aim: an orc, wielding a +0 short sword and wearing a +0 leather armour (chance to affect: 62%)
The orc looks drowsy... 😎 MP[-2]
You lost 2 mp, and now have 7/9 mp.
The helpless orc fails to defend itself.
You impale the orc!!
You kill the orc!
No target in view!
No target in view!
l - a silvery potion 😎 MP[+2]
Your mp is fully restored (9).
e - 37 stones (gained 2) Ijyb is nearby!
Ijyb is nearby!
Ijyb is nearby!
Casting: Ensorcelled Hibernation (safe; 10% risk of failure)
Confirm with . or Enter, or press ? or * to list all spells.
Aiming: Ensorcelled Hibernation (safe; 10% risk of failure)
Press: ? - help, Shift-Dir - straight line, f - Ijyb
Aim: Ijyb, wielding a +0 dagger of flaming, wearing a +0 leather armour and carrying a wand of mindburst (10) (wandering, hasn't noticed you, chance to affect: 52%) Ijyb shouts!
Ijyb looks drowsy... 😎 MP[-2]
You lost 2 mp, and now have 7/9 mp.
Ijyb shouts!
Ijyb zaps a wand.
You struggle to resist.
You barely miss Ijyb. Ijyb hits you but does no damage.
You puncture Ijyb! You closely miss Ijyb.
Ijyb zaps a wand.
Your mind is blasted! 😕 HP[-1]
You take 1 damage, and now have 20/21 hp.
Casting: Ensorcelled Hibernation (safe; 10% risk of failure)
Confirm with . or Enter, or press ? or * to list all spells.
The spell is quite dangerous to miscast (9% risk of failure)!
Continue anyway? [Y]es or [N]o only, please.
The spell is quite dangerous to miscast (9% risk of failure)!
Continue anyway?
Okay, then.
Casting: Confusing Touch (quite dangerous; 9% risk of failure)
Confirm with . or Enter, or press ? or * to list all spells.
The spell is quite dangerous to miscast (9% risk of failure)!
Continue anyway? [Y]es or [N]o only, please.
The spell is quite dangerous to miscast (9% risk of failure)!
Continue anyway?
Your hands begin to glow red.
Ijyb hits you with a +0 dagger of flaming.
Ijyb burns you. 😕 HP[-4] MP[-3]
You take 4 damage, and now have 16/21 hp.
You lost 3 mp, and now have 4/9 mp.
Unknown command.
You hit Ijyb but do no damage.
Ijyb hits you with a +0 dagger of flaming.
Ijyb burns you.
* * * LOW HITPOINT WARNING * * *
😨 HP[-6]
You take 6 damage, and now have 10/21 hp.
MASSIVE DAMAGE!! (PAUSE)
You miss Ijyb. Ijyb misses you.
You barely miss Ijyb.
Ijyb hits you with a +0 dagger of flaming.
* * * LOW HITPOINT WARNING * * *
Ijyb burns you.
* * * LOW HITPOINT WARNING * * *
😨 HP[-2]
You take 2 damage, and now have 8/21 hp.
You hit Ijyb but do no damage.
Ijyb barely misses you. 😨 MP[+1] Unknown command.
You hit Ijyb but do no damage.
Ijyb appears confused.
Ijyb screams, "Me still stronger!
You very nasty!"
Ijyb hits you with a +0 dagger of flaming.
* * * LOW HITPOINT WARNING * * *
Ijyb burns you.
* * * LOW HITPOINT WARNING * * *
😱 HP[-6]
You take 6 damage, and now have 2/21 hp.
MASSIVE DAMAGE!! (PAUSE)
You puncture Ijyb!
Ijyb hits you with a +0 dagger of flaming.
You die...

Skill      XL: |  1  2  3  4 |
---------------+-------------+-----
Hexes          | 4 |  4.6
Short Blades   | 2 |  2.6
Dodging        | 3 |  3.3
Spellcasting   | 3 |  3.2
Stealth        | 5 |  5.0
Ice Magic      | |  0.4

Action                     |  1- 3 |  4- 6 || total
---------------------------+-------+-------++-------
  Melee: Dagger            |    75 |    35 ||   110
         Short sword       |       |    10 ||    10
   Cast: Ensorcelled Hiber |     7 |    14 ||    21
         Confusing Touch   |       |     1 ||     1
    Use: Scroll            |     2 |       ||     2
         Potion            |       |     2 ||     2
   Stab: Sleeping          |    13 |    12 ||    25
         Distracted        |       |     1 ||     1
 Armour: Robe              |    10 |     6 ||    16
  Dodge: Dodged            |    67 |    27 ||    94

Levels and vault maps discovered:
D:1:      amcnicky_arrival_abandoned_market, layout_rooms
D:2:      layout_basic
D:3:      layout_rooms, uniq_ijyb

Notes
Turn   | Place    | Note
-------+----------+-------------------------------------------
     0 | D:1      | kae the Spriggan Enchanter began the quest for the Orb.
     0 | D:1      | Reached XP level 1. HP: 9/9 MP: 5/5
     0 | D:1      | magus.rc [v1.11.3]
   135 | D:1      | Reached XP level 2. HP: 8/13 MP: 6/6
   233 | D:1      | Reached skill level 4 in Hexes
   559 | D:2      | Reached skill level 2 in Short Blades
   559 | D:2      | Reached skill level 3 in Dodging
   559 | D:2      | Reached XP level 3. HP: 7/16 MP: 8/8
   563 | D:2      | Learned a level 2 spell: Ensorcelled Hibernation
   567 | D:2      | Learned a level 3 spell: Confusing Touch
   603 | D:2      | You pick up a book of Minor Magic and begin reading...
   603 | D:2      | You add the spells Magic Dart, Call Imp and Mephitic Cloud
                  | to your library.
   677 | D:2      | Reached skill level 3 in Spellcasting
  1152 | D:2      | Reached XP level 4. HP: 21/21 MP: 9/9
  1327 | D:2      | You pick up a book of Displacement and begin reading...
  1327 | D:2      | You add the spells Lesser Beckoning, Gell's Gravitas and
                  | Teleport Other to your library.
  1544 | D:3      | Noticed Ijyb
  1546 | D:3      | HP: 2/21 [disintegration (19)]
  1821 | D:3      | Reached skill level 5 in Stealth
  1892 | D:3      | HP: 6/31 [orc/+4 short sword (4)]
  1895 | D:3      | HP: 1/31 [orc/+4 short sword (6)]
  2203 | D:3      | HP: 4/21 [Ijyb/+0 dagger of flaming (4)]
  2204 | D:3      | Slain by Ijyb

Vanquished Creatures
  5 adders (D:2)
  A dart slug (D:1)
  4 orcs (D:3)
  9 bats
  8 endoplasms
  3 giant cockroaches
  3 goblins
  4 hobgoblins (D:2)
  5 kobolds
  2 quokkas
  4 ball pythons
  A rat (D:3)
49 creatures vanquished.

Table legend:
 A = Non-vault XP
 B = Vault XP
 C = Vault XP percentage of total XP
 D = Non-vault monster count
 E = Vault monster count
 F = Vault count percentage of total count
                 A         B        C        D         E       F
            +---------+---------+-------+---------+---------+-------
      Total |     147 |       0 |   0.0 |      49 |       0 |   0.0
            +---------+---------+-------+---------+---------+-------
        D:1 |      30 |       0 |   0.0 |      16 |       0 |   0.0
        D:2 |      94 |       0 |   0.0 |      22 |       0 |   0.0
        D:3 |      23 |       0 |   0.0 |      11 |       0 |   0.0
            +---------+---------+-------+---------+---------+-------

Skill      XL: |  1  2  3  4 |
---------------+-------------+-----
Hexes          | 4 |  4.6
Short Blades   | 2 |  2.6
Dodging        | 3 |  3.3
Spellcasting   | 3 |  3.2
Stealth        | 5 |  5.0
Ice Magic      | |  0.4

Action                     |  1- 3 |  4- 6 || total
---------------------------+-------+-------++-------
  Melee: Dagger            |    75 |    35 ||   110
         Short sword       |       |    10 ||    10
   Cast: Ensorcelled Hiber |     7 |    14 ||    21
         Confusing Touch   |       |     1 ||     1
    Use: Scroll            |     2 |       ||     2
         Potion            |       |     2 ||     2
   Stab: Sleeping          |    13 |    12 ||    25
         Distracted        |       |     1 ||     1
 Armour: Robe              |    10 |     6 ||    16
  Dodge: Dodged            |    67 |    27 ||    94

Illustrated notes

Table legend:
 A = Kills in this place as a percentage of kills in the entire game.
 B = Kills by you in this place as a percentage of kills by you in the entire game.
 C = Kills by friends in this place as a percentage of kills by friends in the entire game.
 D = Other kills in this place as a percentage of other kills in the entire game.
 E = Experience gained in this place as a percentage of experience gained in the entire game.
 F = Experience gained in this place divided by the number of levels of this place that you have seen.
                   A       B       C       D       E      F
               +-------+-------+-------+-------+-------+----------------------
         Total | 100.0 | 100.0 |   N/A |   N/A | 100.0 |  49.0
       Dungeon | 100.0 | 100.0 |   N/A |   N/A | 100.0 |  49.0
               +-------+-------+-------+-------+-------+----------------------

Table legend: (Time is in decaauts)
 A = Elapsed time spent in this place.
 B = Non-inter-level travel time spent in this place.
 C = Inter-level travel time spent in this place.
 D = Time resting spent in this place.
 E = Time spent auto-exploring this place.
 F = Levels seen in this place.
 G = Mean time per level.
                   A        B        C        D        E       F      G
               +--------+--------+--------+--------+--------+-----+--------+
         Total |   1560 |   1491 |     69 |    102 |   1053 |   3 |  520.0 |
       Dungeon |   1560 |   1491 |     69 |    102 |   1053 |   3 |  520.0 |
               +--------+--------+--------+--------+--------+-----+--------+

Top non-repeatable levels by time:
     D:2: 875 daAuts
     D:1: 345 daAuts
     D:3: 339 daAuts
